 Dungeon Crawl Stone Soup version 0.27-a0-417-g317cea8a3c (webtiles) character file.

Game seed: 10436650418463449959

23 hellse the Skirmisher (level 2, 0/32 HPs)
             Began as an Ogre Fighter on Feb 25, 2021.
             Slain by a worm (5 damage)
             ... on level 2 of the Dungeon.
             The game lasted 00:00:44 (1117 turns).

hellse the Skirmisher (Ogre Fighter)                Turns: 1117, Time: 00:00:45

Health: 0/32       AC:  3    Str: 19    XL:     2   Next: 95%
Magic:  2/2        EV:  8    Int:  9    God:
Gold:   57         SH:  8    Dex:  8    Spells: 1/1 levels left

rFire    . . .     SeeInvis .   a - +0 flail
rCold    . . .     Faith    .   c - +0 kite shield
rNeg     . . .     Spirit   .   b - +0 robe
rPois    .         Reflect  .   (helmet restricted)
rElec    .         Harm     .   (no cloak)
rCorr    .         Rampage  .   (gloves unavailable)
Will     .....                  (boots unavailable)
Stlth    +.........             (no amulet)
HPRegen  0.10/turn              (no ring)
MPRegen  0.08/turn              (no ring)

@: no status effects
A: large, unfitting armour, tough skin 1
a: no special abilities


You were on level 2 of the Dungeon.
You visited 1 branch of the dungeon, and saw 2 of its levels.

You collected 57 gold pieces.

Inventory:

Hand Weapons
 a - a +0 flail (weapon)
Armour
 b - a +0 robe (worn)
 c - a +0 kite shield (worn)
Scrolls
 e - 2 scrolls of identify {unknown}
 f - a scroll of magic mapping {unknown}
 g - a scroll of teleportation {unknown}
 i - a scroll of immolation {unknown}
 j - a scroll of noise {unknown}
 k - a scroll of fear {unknown}
Potions
 d - a potion of might
 h - a potion of mutation {unknown}
 l - a potion of brilliance {unknown}
 m - a potion of attraction {unknown}


   Skills:
 - Level 4.0 Fighting
 + Level 3.0 Maces & Flails
 - Level 2.6 Dodging
 - Level 2.6 Shields


You had one spell level left.
You didn't know any spells.
Your spell library was empty.

Dungeon Overview and Level Annotations

Branches:
Dungeon (2/15)

Altars:


Innate Abilities, Weirdness & Mutations

You are too large for most types of armour.
You have tough skin. (AC +1)


Message History

You are too injured to fight recklessly!
You are too injured to fight recklessly!
You are too injured to fight recklessly!
You are too injured to fight recklessly!
There is an open door here.
There is a shaft here.
There is an open door here.
You close the door.
You start resting.
HP restored.
You open the door.
There is an open door here.
You sock the worm!
The worm is heavily wounded.
The worm bites you.
You barely miss the worm.
The worm is heavily wounded.
The worm bites you.
You hit the worm but do no damage.
The worm is moderately wounded.
The worm bites you.
Your shield prevents you from hitting the worm.
The worm is moderately wounded.
The worm closely misses you.
You hit the worm.
The worm is moderately wounded.
You hit the worm.
The worm is severely wounded.
The worm bites you!
You are too injured to fight recklessly!
You are too injured to fight recklessly!
You are too injured to fight recklessly!
You hit the worm.
The worm is almost dead.
The worm bites you!
* * * LOW HITPOINT WARNING * * *
You hit the worm but do no damage.
The worm is almost dead.
The worm bites you.
You die...

#...# #...##
#...##.....##
#...#.......#
+...'....[..#
#..(#.......#
#^..##.....## #...#
#...## ##### #w..#
#####
##...###@..###...##
##.....##...##.....##
#.......#...#.......#
#.....÷.'...'.÷..)..#
#.......#...#.......#
##.....##...##.....##
##...##....###...##
..#####.>#### #####
### #........#


You could see a worm.

Vanquished Creatures
  An adder (D:2)
  A dart slug (D:1)
  3 goblins
  A hobgoblin (D:1)
  A jackal (D:2)
  A kobold (D:2)
  A bat (D:1)
  A frilled lizard (D:1)
  2 rats (D:1)
12 creatures vanquished.

Notes
Turn   | Place    | Note
-------+----------+-------------------------------------------
     0 | D:1      | hellse the Ogre Fighter began the quest for the Orb.
     0 | D:1      | Reached XP level 1. HP: 24/24 MP: 1/1
     0 | D:1      | Noticed an iron dragon
     1 | D:1      | Noticed a shadow dragon
     2 | D:1      | Noticed a tentacled monstrosity
     2 | D:1      | Noticed a shadow dragon
     6 | D:1      | Noticed a tentacled monstrosity
     8 | D:1      | Noticed a shadow dragon
     9 | D:1      | Noticed an iron dragon
    12 | D:1      | Noticed an orb of fire
    14 | D:1      | Noticed an iron dragon
    14 | D:1      | Noticed an orb of fire
    19 | D:1      | Noticed an iron dragon
    21 | D:1      | Noticed a tentacled monstrosity
    23 | D:1      | Noticed an ice dragon
   134 | D:1      | Reached XP level 2. HP: 29/32 MP: 2/2
  1117 | D:2      | Slain by a worm

Illustrated notes

Levels and vault maps discovered:
D:1:      shiori_arrival_whats_in_store_for_you, layout_basic
D:2:      kennysheep_six_static_rooms, layout_basic

Skill      XL: |  1  2 |
---------------+-------+-----
Maces & Flails | 2 3 |  3.0
Fighting       | |  4.0
Dodging        | |  2.6
Shields        | |  2.6

Action                   || total
-------------------------++-------
Melee: Flail             ||    48
Armor: Robe              ||    10
Dodge: Dodged            ||    12
Block: Kite shield       ||    11

Table legend: (Time is in decaauts)
 A = Elapsed time spent in this place.
 B = Non-inter-level travel time spent in this place.
 C = Inter-level travel time spent in this place.
 D = Time resting spent in this place.
 E = Time spent auto-exploring this place.
 F = Levels seen in this place.
 G = Mean time per level.
                   A        B        C        D        E       F      G
               +--------+--------+--------+--------+--------+-----+--------+
         Total |   1139 |   1114 |     25 |    268 |    710 |   2 |  569.5 |
       Dungeon |   1139 |   1114 |     25 |    268 |    710 |   2 |  569.5 |
               +--------+--------+--------+--------+--------+-----+--------+

Top non-repeatable levels by time:
     D:1: 619 daAuts
     D:2: 520 daAuts
